 Dungeon Crawl Stone Soup version 0.31-a0-161-gb58dd9be76 (webtiles) character file.

Game seed: 12138504030156562753

5337 pokeman the Thaumaturge (level 10, -1/57 HPs)
             Began as a Deep Elf Hedge Wizard on June 11, 2023.
             Was a Believer of Vehumet.
             Slain by a sixfirhy (11 damage)
             ... summoned by a kobold demonologist
             ... on level 9 of the Dungeon on June 12, 2023.
             The game lasted 00:24:23 (10477 turns).

pokeman the Thaumaturge (Deep Elf Hedge Wizard)    Turns: 10477, Time: 00:24:24

Health: -1/57      AC:  7    Str:  7    XL:     10   Next: 38%
Magic:  22/29      EV: 18    Int: 24    God:    Vehumet [**....]
Gold:   1945       SH:  0    Dex: 14    Spells: 20/35 levels left

rFire   . . .        m - +1 dagger (venom)
rCold   . . .        (no shield)
rNeg    . . .        B - +5 robe of the Skies Above {Slay+2}
rPois   .            c - +0 hat
rElec   .            w - scarf {shadows}
rCorr   .            (no gloves)
SInv    .            (no boots)
Will    +....        (no amulet)
Stlth   +            i - ring of flight
HPRegen 0.29/turn    n - +5 ring of evasion
MPRegen 0.21/turn

%: no passive effects
@: confused, flying
A: no striking features
a: Renounce Religion


You were on level 9 of the Dungeon.
You worshipped Vehumet.
Vehumet was pleased with you.
You visited 1 branch of the dungeon, and saw 9 of its levels.
You also visited: Ossuary.

You collected 2035 gold pieces.
You spent 90 gold pieces at shops.

Inventory:

Hand Weapons
 j - a +1 sling of freezing
 m - a +1 dagger of venom (weapon)
 I - a +3 dagger of chaos
Missiles
 h - 6 curare-tipped darts
Armour
 c - a +0 hat (worn)
 w - a scarf of shadows (worn)
 B - the +5 robe of the Skies Above (worn) {Slay+2}
   (You found it on level 6 of the Dungeon)

   Slay:      It affects your accuracy & damage with ranged weapons and melee
   (+2).
 C - a +3 ring mail of fire resistance
 K - a +2 tower shield
Jewellery
 b - a +6 ring of strength
 i - a ring of flight (left hand)
 n - a +5 ring of evasion (right hand)
 r - a +4 ring of protection
 u - a ring of protection from cold
Wands
 y - a wand of polymorph (10)
 z - a wand of charming (8)
Scrolls
 a - 5 scrolls of teleportation
 f - 2 scrolls of revelation
 g - a scroll of poison
 l - 3 scrolls of vulnerability
 p - 3 scrolls of blinking
 s - 2 scrolls of enchant weapon
 t - a scroll of fog
 v - a scroll of torment {unknown}
 D - a scroll of immolation {unknown}
 E - 3 scrolls of amnesia {unknown}
 F - a scroll of noise {unknown}
 J - a scroll of brand weapon {unknown}
 N - a scroll of fear {unknown}
Potions
 d - a potion of magic
 e - a potion of curing
 k - 4 potions of might
 o - 4 potions of enlightenment
 q - a potion of cancellation {unknown}
 x - 4 potions of heal wounds
 A - 2 potions of mutation {unknown}
 G - a potion of haste
 H - 2 potions of ambrosia {unknown}
 M - a potion of lignification {unknown}


   Skills:
 + Level 4.2 Fighting
 - Level 3.0 Armour
 - Level 3.0 Dodging
 - Level 3.0 Stealth
 * Level 13.1 Spellcasting
 + Level 7.4 Conjurations
 - Level 6.0 Summonings
 - Level 1.1 Translocations
 + Level 4.3 Fire Magic
 - Level 1.2 Air Magic
 - Level 1.0 Poison Magic
 - Level 1.0 Evocations


You had 20 spell levels left.
You knew the following spells:

 Your Spells              Type           Power      Damage    Failure   Level
a - Magic Dart            Conj           100%       1d8       1%          1
b - Mephitic Cloud        Conj/Pois/Air  31%        N/A       3%          3
c - Call Imp              Summ           88%        N/A       1%          2
d - Blink                 Tloc           42%        N/A       3%          2
e - Foxfire               Conj/Fire      100%       2x1d9     1%          1
f - Plasma Beam           Fire/Air       14%        2x1d25    88%         6

Your spell library contained the following spells:

 Spells                   Type           Power      Damage    Failure   Level
 Freeze                   Ice            60%        1d7       3%          1
 Searing Ray              Conj           100%       2d8       1%          2
 Slow                     Hex            60%        N/A       3%          1
 Cigotuvi's Dreadful Rot  Necr/Pois/Air  38%        N/A       4%          2
 Vhi's Electric Charge    Tloc/Air       42%        N/A       7%          3
 Gell's Gravitas          Tloc           21%        N/A       8%          3
 Teleport Other           Tloc           21%        N/A       8%          3
 Fulminant Prism          Conj/Hex       16%        3d10      9%          4
 Confusing Touch          Hex            15%        N/A       12%         3
 Vampiric Draining        Necr           15%        2d7       12%         3
 Arcjolt                  Conj/Air       18%        1d28      19%         5
 Dispersal                Tloc           10%        N/A       98%         6


Dungeon Overview and Level Annotations

Branches:
Dungeon (9/15)             Temple (0/1) D:7             Orc (0/2) D:9
Ossuary (visited)
   Lair: D:8-11

Altars:
Elyvilon
Qazlal
Trog
Uskayaw
Vehumet
Wu Jian
Yredelemnul
Zin
The Shining One

Shops:
D:2 *   D:3 ?   D:4 *


Message History

Casting: Magic Dart (safe; 1% risk of failure)
Confirm with . or Enter, or press ? or * to list all spells.
Aiming: Mephitic Cloud (dangerous; 3% risk of failure)
Press: ? - help, Shift-Dir - straight line, f - sixfirhy
Aim: a sixfirhy (summoned, chance to affect: 58%) That beam is likely to hit you.
Continue anyway?
The ball explodes into a vile cloud!
The stinking cloud engulfs the sixfirhy but does no damage.
The stinking cloud engulfs you but does no damage.
You are engulfed in noxious fumes.
You choke on the stench!
You are confused.
You hear a shout!
You hear a chilling moan.
Something shouts, "Leave, thou bumbling wibble-sucking skainsmate!"
The sixfirhy is engulfed in noxious fumes. x3
The sixfirhy appears confused.
The sixfirhy is engulfed in noxious fumes. x3
The sixfirhy appears confused.
Vehumet accepts your kill.
You feel a bit more experienced.
The sixfirhy is engulfed in noxious fumes.
You're too confused to move!
You are engulfed in noxious fumes.
The sixfirhy is engulfed in noxious fumes.
The sixfirhy appears confused.
The sixfirhy is engulfed in noxious fumes. x2
The sixfirhy appears confused.
The sixfirhy is engulfed in noxious fumes. x2
The sixfirhy appears confused.
The sixfirhy is engulfed in noxious fumes.
The sixfirhy appears confused.
Vehumet accepts your kill.
You feel a bit more experienced. Vehumet accepts your kill.
You feel a bit more experienced.
You're too confused to move!
You are engulfed in noxious fumes.
You choke on the stench!
You are more confused.
The sixfirhy hits you!
* * * LOW HITPOINT WARNING * * *
The sixfirhy shocks you!
You die... #.#.....##(#........# #.......##.#.###.##.# #...K..3##.#.# #.##.# #....5g)...#.# #.##.# ######.#..####.# #.##.# 8OgO

#g#.§#..#.# #.##.#
.KO.)#.##.#.[..# #.##.#
:KTg.g5#.....#####.##.###
.gggo#.#....☼3@.##......#
8..O8#.########.#########
#### #.# ..............#
... .#####.######.# .#.
#.# #.# < . #.# #.# #.#
#.# #.# #.# #.# #.#


You could see a sixfirhy (summoned, confused).

Vanquished Creatures
  A manticore (D:8)
  Psyche (D:8)
  A hornet (D:7)
  8 yaks (D:8)
  2 steam dragons
  A vampire mosquito (D:8)
  A water moccasin (D:5)
  2 sky beasts
  2 orc warriors
  2 ogres
  A tengu (D:6)
  A centaur (D:6)
  A phantom (D:5)
  2 kobold brigands
  4 bullfrogs
  Blork the orc (D:6)
  A gnoll sergeant (D:9)
  A scorpion (D:3)
  7 killer bees
  A howler monkey (D:5)
  2 hounds
  A jelly (D:6)
  7 orc priests
  2 sleepcaps
  A gnoll bouda (D:3)
  4 iguanas
  8 orc wizards
  8 mummies (Ossuary)
  16 gnolls
  9 adders
  A shadow imp (D:7)
  2 white imps
  An ufetubus (D:4)
  3 dart slugs
  42 orcs
  3 endoplasms
  3 giant cockroaches
  6 goblins
  11 hobgoblins
  9 jackals
  18 kobolds
  4 quokkas
  5 ball pythons
  4 bats
  3 frilled lizards
  3 gnoll zombies (Ossuary)
  A hobgoblin zombie (Ossuary)
  A kobold zombie (Ossuary)
  3 orc zombies (Ossuary)
  6 rats
228 creatures vanquished.

Vanquished Creatures (collateral kills)
  An orc (D:6)
1 creature vanquished.

Vanquished Creatures (others)
  134 foxfires (D:8)
134 creatures vanquished.

Grand Total: 363 creatures vanquished

Notes
Turn   | Place    | Note
-------+----------+-------------------------------------------
     0 | D:1      | pokeman the Deep Elf Hedge Wizard began the quest for the
                  | Orb.
     0 | D:1      | Reached XP level 1. HP: 10/10 MP: 7/7
   204 | D:1      | Reached XP level 2. HP: 16/16 MP: 5/9
   565 | D:1      | Reached skill level 5 in Spellcasting
   885 | D:1      | Reached XP level 3. HP: 16/20 MP: 0/11
   889 | D:1      | Learned a level 3 spell: Mephitic Cloud
   892 | D:1      | Learned a level 2 spell: Call Imp
   895 | D:1      | Learned a level 2 spell: Blink
  1358 | D:2      | Found Yssih's General Store.
  1736 | D:2      | Reached skill level 1 in Fighting
  1744 | D:2      | Reached skill level 1 in Armour
  2464 | D:3      | Reached XP level 4. HP: 25/25 MP: 9/13
  2698 | D:3      | Found Usianein's Magic Scroll Shop.
  2703 | D:3      | Bought a scroll of teleportation for 30 gold pieces
  2703 | D:3      | Bought a scroll of identify for 20 gold pieces
  2703 | D:3      | Bought a scroll of identify for 20 gold pieces
  2703 | D:3      | Bought a scroll of identify for 20 gold pieces
  3010 | D:3      | Reached skill level 6 in Spellcasting
  3067 | D:3      | Noticed a scorpion
  3076 | D:3      | Killed a scorpion
  3077 | D:3      | Reached skill level 1 in Poison Magic
  3077 | D:3      | Reached XP level 5. HP: 29/29 MP: 11/15
  3293 | D:3      | Reached skill level 1 in Air Magic
  3820 | D:3      | Found a white marble altar of Elyvilon.
  3820 | D:3      | Found a glowing silver altar of Zin.
  3820 | D:3      | Found a glowing golden altar of the Shining One.
  4151 | D:4      | Reached XP level 6. HP: 34/34 MP: 10/17
  4819 | D:4      | Found Lumpiun's General Store.
  5019 | D:5      | Entered Level 5 of the Dungeon
  5039 | D:5      | Reached skill level 7 in Spellcasting
  5248 | D:5      | Noticed a water moccasin
  5288 | D:5      | Killed a water moccasin
  5289 | D:5      | Reached skill level 1 in Evocations
  5289 | D:5      | Reached XP level 7. HP: 5/40 MP: 5/20
  5300 | D:5      | HP: 1/40 [gnoll/+0 club (9)]
  5732 | D:5      | Reached skill level 8 in Spellcasting
  6393 | D:6      | Noticed Blork the orc
  6417 | D:6      | Killed Blork the orc
  6449 | D:6      | Reached XP level 8. HP: 31/44 MP: 8/22
  6558 | D:6      | Identified the +5 robe of the Skies Above {Slay+2}
  6665 | D:6      | Reached skill level 9 in Spellcasting
  7029 | D:6      | Reached skill level 5 in Conjurations
  7300 | D:6      | Found a runed translucent door.
  7348 | D:6      | Found a bloodstained altar of Trog.
  7531 | D:6      | Reached skill level 10 in Spellcasting
  7794 | D:7      | Found a basalt altar of Yredelemnul.
  7923 | D:7      | Learned a level 6 spell: Plasma Beam
  7933 | D:7      | Found an ornate altar of the Wu Jian Council.
  7934 | D:7      | Found a hide-covered altar of Uskayaw.
  7934 | D:7      | Found a stormy altar of Qazlal.
  7934 | D:7      | Found a radiant altar of Vehumet.
  7941 | D:7      | Became a worshipper of Vehumet
  7946 | D:7      | Noticed a hornet
  7958 | D:7      | Found a staircase to the Ecumenical Temple.
  8027 | D:7      | Found a sand-covered staircase.
  8032 | Ossuary  | Entered an ossuary
  8232 | Ossuary  | Reached XP level 9. HP: 49/49 MP: 15/25
  8440 | Ossuary  | Identified a scroll of acquirement
  8604 | Ossuary  | Acquired 1221 gold pieces
  8758 | D:7      | Reached skill level 1 in Fire Magic
  8906 | D:7      | Reached * piety under Vehumet
  8906 | D:7      | Offered knowledge of Foxfire by Vehumet.
  8909 | D:7      | Learned a level 1 spell: Foxfire
  8961 | D:7      | Reached skill level 11 in Spellcasting
  8961 | D:7      | Reached skill level 5 in Summonings
  9422 | D:8      | Noticed Psyche
  9435 | D:8      | Killed Psyche
  9436 | D:8      | Reached skill level 12 in Spellcasting
  9602 | D:8      | Noticed a manticore
  9617 | D:8      | Killed a manticore
  9731 | D:8      | Reached XP level 10. HP: 34/56 MP: 22/28
 10118 | D:8      | Reached ** piety under Vehumet
 10193 | D:8      | Offered knowledge of Freeze by Vehumet.
 10194 | D:8      | Reached skill level 13 in Spellcasting
 10365 | D:9      | Upgraded the game from 0.31-a0-154-g56bf346678 to
                  | 0.31-a0-161-gb58dd9be76
 10449 | D:9      | Found a staircase to the Orcish Mines.
 10471 | D:9      | Noticed a sixfirhy
 10477 | D:9      | Slain by a sixfirhy

Illustrated notes

Levels and vault maps discovered:
D:1:      tekkud_arrival_beachfront_property, layout_basic
D:2:      layout_basic, serial_shops, shop, kennysheep_generic_room_15
D:3:      layout_loops_corners, good_gods_mini_temple, serial_shops, shop,
          st_stairs_12, minmay_divided_ellipse
D:4:      layout_basic, serial_shops, shop
D:5:      layout_cave_pools
D:6:      layout_basic, lightli_temple_of_fire, lightli_church_of_beogh,
          uniq_blork_the_orc
D:7:      layout_loops_ring, chequers_temple_overflow_statue_of_worship,
          yredelemnul_altar_generic, minmay_temple_entry_tees,
          nicolae_ossuary_entry_ruins, st_stairs_13, kennysheep_generic_room_13
D:8:      layout_rooms, minmay_three_doors, uniq_psyche
D:9:      layout_basic, nicolae_kikubaaqudgha_miasma_corner,
          kennysheep_orc_monster_closet_entryway

Skill      XL: |  1  2  3  4  5  6  7  8  9 10 |
---------------+-------------------------------+-----
Spellcasting   | 5 6 7 8 10 12 13 | 13.1
Fighting       | 1 2 3 4 |  4.2
Armour         | 1 2 3 |  3.0
Conjurations   | 2 3 4 5 6 7 |  7.4
Dodging        | 3 |  3.0
Stealth        | 3 |  3.0
Poison Magic   | 1 |  1.0
Air Magic      | 1 |  1.2
Evocations     | 1 |  1.0
Summonings     | 2 4 5 6 |  6.0
Fire Magic     | 3 4 |  4.3
Translocations | |  1.1

Action                     |  1- 3 |  4- 6 |  7- 9 | 10-12 || total
---------------------------+-------+-------+-------+-------++-------
  Melee: Dagger            |     1 |    21 |   189 |    32 ||   243
         Punch             |       |     1 |     8 |     2 ||    11
   Fire: Sling             |    27 |     7 |       |       ||    34
   Cast: Magic Dart        |    85 |   132 |   235 |     3 ||   455
         Mephitic Cloud    |     1 |     6 |    35 |    10 ||    52
         Call Imp          |       |     6 |     4 |     1 ||    11
         Blink             |       |     1 |     2 |     1 ||     4
         Foxfire           |       |       |    34 |    37 ||    71
  Evoke: Wand              |       |       |     2 |       ||     2
    Use: Scroll            |       |       |    11 |     1 ||    12
         Potion            |       |       |     1 |     1 ||     2
   Stab: Sleeping          |     1 |       |     1 |       ||     2
         Confused          |       |     2 |    14 |     6 ||    22
         Distracted        |       |     1 |     1 |       ||     2
 Armour: Robe              |     4 |     3 |    36 |    10 ||    53
  Dodge: Dodged            |    31 |    34 |   202 |    43 ||   310

Table legend: (Time is in decaauts)
 A = Elapsed time spent in this place.
 B = Non-inter-level travel time spent in this place.
 C = Inter-level travel time spent in this place.
 D = Time resting spent in this place.
 E = Time spent auto-exploring this place.
 F = Levels seen in this place.
 G = Mean time per level.
                   A        B        C        D        E       F      G
               +--------+--------+--------+--------+--------+-----+--------+
         Total |  10488 |  10234 |    254 |    299 |   7992 |  10 | 1048.8 |
       Dungeon |   9896 |   9642 |    254 |    295 |   7547 |   9 | 1099.6 |
       Ossuary |    591 |    591 |      0 |      4 |    445 |   1 |  591.0 |
               +--------+--------+--------+--------+--------+-----+--------+

Top non-repeatable levels by time:
     D:6: 1531 daAuts
     D:3: 1444 daAuts
     D:4: 1293 daAuts
     D:1: 1275 daAuts
     D:8: 1194 daAuts
     D:2: 1160 daAuts
     D:5: 1055 daAuts
     D:7: 828 daAuts
 Ossuary: 591 daAuts
     D:9: 112 daAuts
